 Dungeon Crawl Stone Soup version 0.30.1-11-g7821555f0a (webtiles) character file.

Game seed: 2932708313674818582

103570 booth the Severer (level 15, 0/105 HPs)
             Began as a Demonspawn Fighter on Nov 12, 2023.
             Was the Champion of Hepliaklqana.
             Constricted to death by a nagaraja (1 damage)
             ... on level 2 of the Snake Pit on Nov 16, 2023.
             The game lasted 02:54:34 (24893 turns).

booth the Severer (Demonspawn Fighter)             Turns: 24893, Time: 02:54:34

Health: 0/105      AC: 25    Str: 23    XL:     15   Next: 89%
Magic:  15/15      EV:  5    Int: 16    God:    Hepliaklqana [******]
Gold:   3168       SH: 18    Dex: 13    Spells: 14/14 levels left

rFire   + . .        g - +4 war axe (vamp)
rCold   + + .        x - +6 kite shield "Gefeecs" {rC++}
rNeg    + + .        S - +3 chain mail {rPois}
rPois   +            v - +2 helmet
rElec   .            O - +2 cloak {Stlth+}
rCorr   +            m - +2 pair of gloves
SInv    .            (no boots)
Will    +....        l - amulet of regeneration Stlth
                     k - ring of protection from cold
HPRegen 1.17/turn    D - ring of Toqorac {Fire rN++ rCorr}
MPRegen 0.14/turn

%: wizardry (x1)
@: lethally poisoned (0 -> -1), untranslocatable, constricted
A: reduced essence, hooves 2, demonic guardian 1, big brain 3, demonic magic 2
a: Renounce Religion, Recall Ancestor, Ancestor Identity, Transference, Idealise


You were on level 2 of the Snake Pit.
You worshipped Hepliaklqana.
Hepliaklqana was exalted by your worship.
You visited 5 branches of the dungeon, and saw 25 of its levels.
You also visited: Volcano.

You collected 3304 gold pieces.
You spent 136 gold pieces at shops.

Inventory:

Hand Weapons
 g - a +4 vampiric war axe (weapon)
 q - a +2 mace of freezing
 R - a +2 battleaxe of flaming
 W - a +0 great mace of flaming
Missiles
 a - 3 atropa-tipped darts
 n - 8 javelins (quivered)
 r - 2 curare-tipped darts
 F - 46 poisoned darts
 V - 2 boomerangs of dispersal
Armour
 m - a +2 pair of gloves (worn)
 v - a +2 helmet (worn)
 x - the +6 kite shield "Gefeecs" (worn) {rC++}
   (You found it on level 5 of the Lair of Beasts)

   rC:        It greatly protects you from cold.
 B - +0 ice dragon scales
 O - a +2 cloak of stealth (worn)
 S - a +3 chain mail of poison resistance (worn)
 Y - +0 fire dragon scales
Jewellery
 c - a +4 ring of slaying
 k - a ring of protection from cold (left hand)
 l - an amulet of regeneration (around neck)
 s - a +6 ring of strength
 D - the ring of Toqorac (right hand) {Fire rN++ rCorr}
   (You acquired it on level 8 of the Dungeon)

   [ring of fire]

   It enhances your fire magic.
   rF:        It protects you from fire.
   rC:        It makes you vulnerable to cold.
   rN:        It greatly protects you from negative energy.
   rCorr:     It protects you from acid and corrosion.
 E - a ring of protection from fire
 U - a ring of resist corrosion
Wands
 e - a wand of roots (26)
 t - a wand of charming (26)
 y - a wand of flame (40)
 A - a wand of mindburst (20)
 K - a wand of light (13)
 Q - a wand of polymorph (3)
Scrolls
 f - 2 scrolls of poison
 o - a scroll of immolation
 p - 4 scrolls of fear
 w - 2 scrolls of fog
 C - 11 scrolls of teleportation
 H - 6 scrolls of identify
 X - 5 scrolls of magic mapping
Potions
 b - 2 potions of resistance
 d - 7 potions of might
 h - 2 potions of flight
 i - 13 potions of curing
 j - 8 potions of cancellation
 u - 2 potions of heal wounds
 z - 3 potions of haste
 L - 3 potions of invisibility
 M - 5 potions of lignification
 N - 6 potions of attraction
 P - 8 potions of brilliance
 Z - 2 potions of berserk rage
Miscellaneous
 G - a phantom mirror


   Skills:
 - Level 10.6 Fighting
 * Level 16.0 Axes
 + Level 11.4 Throwing
 + Level 11.7 Armour
 + Level 11.7 Shields


You had 14 spell levels left.
You didn't know any spells.
Your spell library contained the following spells:

 Spells                   Type           Power      Damage    Failure   Level
 Apportation              Tloc           0%         N/A       54%         1
 Freeze                   Ice            0%         1d3       54%         1
 Magic Dart               Conj           0%         1d3       54%         1
 Summon Small Mammal      Summ           0%         N/A       54%         1
 Call Imp                 Summ           0%         N/A       69%         2
 Ensorcelled Hibernation  Hex/Ice        0%         N/A       69%         2
 Passwall                 Tmut/Erth      0%         N/A       69%         2
 Call Canine Familiar     Summ           0%         N/A       88%         3
 Frozen Ramparts          Ice            0%         1d1       88%         3
 Hailstorm                Conj/Ice       0%         3d3       88%         3
 Mephitic Cloud           Conj/Pois/Air  0%         N/A       88%         3
 Summon Guardian Golem    Hex/Summ       0%         N/A       88%         3
 Swiftness                Air            0%         N/A       88%         3
 Ice Form                 Ice/Tmut       0%         N/A       99%         4
 Petrify                  Tmut/Erth      0%         N/A       99%         4
 Summon Ice Beast         Ice/Summ       0%         N/A       99%         4
 Alistair's Intoxication  Tmut/Pois      0%         N/A       100%        5
 Iskenderun's Battlesphe  Conj           0%         2d6       100%        5
 Metabolic Englaciation   Hex/Ice        0%         N/A       100%        5
 Iron Shot                Conj/Erth      0%         9d1       100%        6
 Simulacrum               Ice/Necr       0%         N/A       100%        6
 Statue Form              Tmut/Erth      0%         N/A       100%        6
 Ozocubu's Refrigeration  Ice            0%         4d7       100%        7
 Spellforged Servitor     Conj/Summ      0%         N/A       100%        7
 Polar Vortex             Ice            0%         N/A       100%        9


Dungeon Overview and Level Annotations

Branches:
Dungeon (15/15)            Temple (1/1) D:4            Lair (5/5) D:11
 Shoals (0/4) Lair:2        Snake (2/4) Lair:2        Slime (0/5) Lair:4
    Orc (2/2) D:12            Elf (0/3) Orc:2        Vaults (0/5) D:13
 Depths (0/4) D:15        Volcano (visited)

Altars:
Ashenzari
Cheibriados
Dithmenos
Fedhas
Gozag
Hepliaklqana
Kikubaaqudgha
Makhleb
Nemelex Xobeh
Okawaru
Qazlal
Ru
Sif Muna
Trog
Uskayaw
Vehumet
Wu Jian
Xom
Yredelemnul
Jiyva

Shops:
D:13 *   Orc:2 [?:?   Snake:1 :

Annotations:
D:11 3 runed translucent doors, Cerril's ghost, novice BaFE; Psyclone's ghost, journeyman DECj; deadpool521's ghost, journeyman MiFi


Innate Abilities, Weirdness & Mutations

Your life essence is reduced to manifest your ancestor. (-10% HP)
You have hoof-like feet.
A weak demonic guardian rushes to your aid.
You have an absolutely massive brain. (Int +6, Wiz)
Spells you cast may paralyse nearby enemies.


Message History

You kick the nagaraja, but do no damage.
The nagaraja is heavily wounded.
You feel sick. You block the nagaraja's attack. The nagaraja constricts you.
You hit the nagaraja.
You feel better.
Your kick misses the nagaraja.
The nagaraja is heavily wounded.
You feel sick. The nagaraja spits poison at you. The splash of poison hits you.
You are more poisoned.
You resist. The nagaraja constricts you.
You slash the nagaraja!
The nagaraja is severely wounded.
You feel very sick. The nagaraja barely misses you.
The nagaraja constricts you.
* * * LOW HITPOINT WARNING * * *
You slash the nagaraja! Your kick misses the nagaraja.
The nagaraja is almost dead.
You feel sick. You block the nagaraja's attack. The nagaraja constricts you.
* * * LOW HITPOINT WARNING * * *
The nagaraja gestures at you while chanting.
You barely resist. The nagaraja constricts you.
* * * LOW HITPOINT WARNING * * *
Aiming: Bolt of Light
Press: ? - help, Q - select action, (/) - cycle Shift-Dir - straight line, f - nagaraja
Aim: a nagaraja, wielding a +1 spear of venom and wearing a +0 robe (almost dead, constricting you, fast, catching its breath, 71% to hit)
The bolt of light hits the nagaraja!
The nagaraja is almost dead.
The nagaraja is blinded.
You feel very sick.
The nagaraja hits you with a +1 spear of venom!
* * * LOW HITPOINT WARNING * * *
The nagaraja constricts you.
* * * LOW HITPOINT WARNING * * *
Aiming: Mindburst
Press: ? - help, Q - select action, (/) - cycle Shift-Dir - straight line, f/p - nagaraja
Aim: a nagaraja, wielding a +1 spear of venom and wearing a +0 robe (almost dead, constricting you, fast, blind, chance to affect: 0%)
The nagaraja resists with almost no effort.
* * * LOW HITPOINT WARNING * * *
You feel sick. You block the nagaraja's attack. The nagaraja constricts you.
You die...

†...#########...#
###.# ##### # ###
#### ...############
†<..#..#..##..##
...............###
†)...............#
.......).......)@#
...............N.#
..................#
...................#
...#...............#
#.###.............##
## ##............#
##...........#
..........#


You could see a nagaraja (fast, blind).

Vanquished Creatures
  A nagaraja (Snake:1)
  A red draconian (Volcano)
  Snorg (D:10)
  3 fire dragons
  An ice dragon (D:15)
  An ogre mage (Orc:2)
  A hydra (D:15)
  A boulder beetle (D:12)
  4 centaur warriors
  2 anacondas
  A death knight (D:13)
  A two-headed ogre (shapeshifter) (D:15)
  6 two-headed ogres
  A naga sharpshooter (Snake:2)
  An orc high priest (Orc:1)
  3 skeletal warriors (D:15)
  An iron troll (Orc:2)
  A swamp dragon (Lair:5)
  A salamander mystic (Volcano)
  A wizard (D:14)
  A lindwurm (Lair:3)
  3 orc knights
  A salamander (Volcano)
  5 cyclopes
  Maurice (D:8)
  3 guardian serpents
  7 ugly things
  A slime creature (D:13)
  3 molten gargoyles (Volcano)
  2 naga magi (Snake:1)
  7 gargoyles
  6 cane toads
  10 black mambas
  Psyche (D:9)
  A torpor snail (Lair:5)
  5 rime drakes
  5 komodo dragons
  An efreet (D:13)
  3 trolls
  6 polar bears
  Prince Ribbit (D:9)
  3 meliai (D:13)
  A blink frog (Lair:4)
  Grinder (D:3)
  A raiju (Lair:5)
  A vampire (D:9)
  32 yaks
  A shadow (D:11)
  A wyvern (D:9)
  2 vampire mosquitoes (D:12)
  A steam dragon (Lair:5)
  3 wargs
  2 acid dragons
  4 nagas
  7 hell hounds (Lair:5)
  4 water moccasins
  2 swamp drakes
  An ice beast (D:8)
  2 sky beasts (D:7)
  4 black bears
  3 orc warriors
  12 ogres
  9 centaurs
  14 wolves
  2 phantoms
  Blork the orc (D:4)
  10 bullfrogs
  3 scorpions
  3 killer bees (D:9)
  An electric eel (D:7)
  2 howler monkeys
  2 hounds
  A gnoll bouda (D:6)
  13 orc priests
  A jelly (D:5)
  Jessica (D:2)
  Ijyb (D:3)
  17 orc wizards
  5 sleepcaps
  A hell rat (Lair:3)
  Robin (D:3)
  5 gnolls
  5 adders
  A shadow imp (D:6)
  3 white imps (D:6)
  An ufetubus (D:4)
  3 worms
  4 dart slugs
  63 orcs
  7 ball pythons
  8 endoplasms
  2 giant cockroaches (D:1)
  9 hobgoblins
  4 jackals (D:2)
  3 quokkas
  5 bats
  3 frilled lizards
  12 goblins
  8 kobolds
  5 rats
433 creatures vanquished.

Vanquished Creatures (collateral kills)
  A fire dragon (D:15)
  Erolcha (Orc:1)
  2 hydras
  An ogre mage (Orc:2)
  A catoblepas (shapeshifter) (D:15)
  An anaconda (Snake:2)
  A catoblepas (D:14)
  4 two-headed ogres
  2 centaur warriors
  3 naga warriors
  Nergalle (D:10)
  2 skysharks
  A skeletal warrior (D:15)
  2 naga ritualists (Snake:2)
  A deep troll (Orc:2)
  A mana viper (Snake:2)
  An orc sorcerer (Orc:1)
  6 ugly things
  3 salamanders
  2 cyclopes
  2 naga magi
  11 black mambas
  5 cane toads
  2 gargoyles (D:12)
  A molten gargoyle (Volcano)
  2 rime drakes
  4 komodo dragons
  7 trolls
  A merfolk (Lair:2)
  A hornet (D:10)
  5 polar bears
  3 blink frogs (Lair:4)
  5 slime creatures
  A shadow (D:8)
  27 yaks
  A vampire (D:11)
  2 wyverns
  A wraith (D:12)
  2 basilisks
  2 steam dragons (Lair:3)
  4 vampire mosquitoes (D:12)
  3 wargs (Lair:5)
  12 nagas
  An acid dragon (Lair:5)
  9 hell hounds (Lair:5)
  7 water moccasins
  2 swamp drakes
  9 black bears
  11 orc warriors
  2 sky beasts
  3 ice beasts (D:11)
  11 ogres
  17 wolves
  A centaur (D:4)
  2 kobold brigands
  A scorpion (D:7)
  5 bullfrogs
  5 killer bees (D:9)
  A howler monkey (D:8)
  3 electric eels
  2 hounds
  9 orc priests
  A jelly (D:8)
  4 iguanas
  8 orc wizards
  3 hell rats (Lair:3)
  2 white imps
  An ufetubus (D:6)
  17 orcs
  4 kobolds
282 creatures vanquished.

Vanquished Creatures (others)
  A cyclops (D:13)
  An iguana (Lair:5)
  26 battlemagi
  2 ancestors (D:6)
  2 orcs
32 creatures vanquished.

Grand Total: 747 creatures vanquished

Notes
Turn   | Place    | Note
-------+----------+-------------------------------------------
     0 | D:1      | booth the Demonspawn Fighter began the quest for the Orb.
     0 | D:1      | Reached XP level 1. HP: 18/18 MP: 1/1
   187 | D:1      | Found a faded altar of an unknown god.
   255 | D:1      | Reached skill level 2 in Axes
   363 | D:1      | Gained mutation: You have large cloven feet. [demonic
                  | ancestry]
   363 | D:1      | Reached XP level 2. HP: 18/24 MP: 2/2
  1162 | D:2      | Noticed Jessica
  1188 | D:2      | Killed Jessica
  1189 | D:2      | Gained mutation: You have hoof-like feet. [demonic
                  | ancestry]
  1189 | D:2      | Reached XP level 3. HP: 29/29 MP: 3/3
  1475 | D:2      | Reached skill level 1 in Throwing
  1475 | D:2      | Gained mutation: You have an unusually large brain. (Int
                  | +2) [demonic ancestry]
  1475 | D:2      | Reached XP level 4. HP: 31/35 MP: 4/4
  2099 | D:3      | Reached skill level 3 in Axes
  2203 | D:3      | Noticed Grinder
  2211 | D:3      | Killed Grinder
  2212 | D:3      | Gained mutation: A weak demonic guardian rushes to your
                  | aid. [demonic ancestry]
  2212 | D:3      | Reached XP level 5. HP: 24/42 MP: 5/5
  2212 | D:3      | Reached XP level 6. HP: 27/48 MP: 6/6
  2635 | D:3      | Noticed Robin
  2643 | D:3      | Killed Robin
  2752 | D:3      | Reached skill level 4 in Axes
  2824 | D:3      | Noticed Ijyb
  2840 | D:3      | Killed Ijyb
  3059 | D:4      | Found a stormy altar of Qazlal.
  3095 | D:4      | Reached XP level 7. HP: 27/54 MP: 7/7
  3419 | D:4      | Found a staircase to the Ecumenical Temple.
  3426 | Temple   | Entered the Ecumenical Temple
  3466 | Temple   | Became a worshipper of Hepliaklqana the Forgotten
  3617 | D:4      | Noticed Blork the orc
  3629 | D:4      | Killed Blork the orc
  3740 | D:4      | Reached skill level 5 in Axes
  4157 | D:4      | Gained mutation: Spells you cast may paralyse adjacent
                  | enemies. [demonic ancestry]
  4157 | D:4      | Reached XP level 8. HP: 61/61 MP: 8/8
  4242 | D:5      | Entered Level 5 of the Dungeon
  4363 | D:5      | Reached skill level 5 in Fighting
  4533 | D:5      | Reached * piety under Hepliaklqana
  5301 | D:6      | Reached skill level 6 in Axes
  5308 | D:6      | Reached skill level 5 in Armour
  5311 | D:6      | Reached skill level 5 in Shields
  5646 | D:6      | Reached XP level 9. HP: 53/61 MP: 9/9
  5777 | D:6      | Found a sacrificial altar of Ru.
  5777 | D:6      | Found a burning altar of Makhleb.
  6541 | D:7      | Reached ** piety under Hepliaklqana
  6542 | D:7      | Remembered your ancestor Belanua as a battlemage
  6635 | D:7      | Reached skill level 7 in Axes
  7223 | D:8      | Noticed Maurice
  7223 | D:8      | Found a broken altar of Ashenzari.
  7229 | D:8      | Killed Maurice
  7230 | D:8      | Reached skill level 5 in Throwing
  7437 | D:8      | Found a bloodstained altar of Trog.
  7501 | D:8      | Gained mutation: You have an extremely huge brain. (Int +4)
                  | [demonic ancestry]
  7501 | D:8      | Reached XP level 10. HP: 64/69 MP: 10/10
  7506 | D:8      | Reached skill level 8 in Axes
  7622 | D:8      | Identified a scroll of acquirement
  7927 | D:9      | Found an iron altar of Okawaru.
  7927 | D:9      | Noticed Prince Ribbit
  7930 | D:9      | Killed Prince Ribbit
  8110 | D:9      | Found a sparkling altar of Nemelex Xobeh.
  8195 | D:9      | Identified the +1 spear "Gephitui" {flame, rF+ Str+4 SInv}
  8268 | D:9      | Reached *** piety under Hepliaklqana
  8303 | D:9      | Noticed Psyche
  8316 | D:9      | Killed Psyche
  8736 | D:9      | Found a basalt altar of Yredelemnul.
  8801 | D:10     | Entered Level 10 of the Dungeon
  8808 | D:10     | Reached skill level 9 in Axes
  9091 | D:10     | Noticed Snorg
  9100 | D:10     | Killed Snorg
  9152 | D:10     | Found a shadowy altar of Dithmenos.
  9152 | D:10     | Noticed Nergalle
  9166 | D:10     | Killed Nergalle
  9167 | D:10     | Reached XP level 11. HP: 52/76 MP: 11/11
 10270 | D:11     | Noticed a brown ugly thing
 10277 | D:11     | Killed a brown ugly thing
 10281 | D:11     | Noticed a two-headed ogre
 10288 | D:11     | Killed a two-headed ogre
 10359 | D:11     | Found a radiant altar of Vehumet.
 10428 | D:11     | Found a runed translucent gate.
 10428 | D:11     | Found a runed translucent gate.
 10429 | D:11     | Found a runed translucent gate.
 10430 | D:11     | Noticed Cerril's ghost (novice BaFE)
 10430 | D:11     | Noticed Psyclone's ghost (journeyman DECj)
 10430 | D:11     | Noticed deadpool521's ghost (journeyman MiFi)
 10491 | D:11     | Reached skill level 10 in Axes
 10545 | D:11     | You fall into a shaft and drop 1 floor!
 10607 | D:11     | Reached **** piety under Hepliaklqana
 10902 | D:11     | Found a staircase to the Lair.
 10999 | Lair:1   | Entered Level 1 of the Lair of Beasts
 11558 | Lair:1   | Reached ***** piety under Hepliaklqana
 11808 | Lair:1   | Reached XP level 12. HP: 84/84 MP: 12/12
 11979 | Lair:2   | Reached skill level 11 in Axes
 11995 | Lair:2   | Found a staircase to the Snake Pit.
 12283 | Lair:2   | Found a staircase to the Shoals.
 12861 | Lair:3   | Found a dark tunnel.
 12914 | Volcano  | Entered a volcano
 13406 | Volcano  | Noticed a red draconian
 13417 | Volcano  | Killed a red draconian
 13430 | Volcano  | Reached skill level 12 in Axes
 13460 | Volcano  | Noticed an orb of fire
 13654 | Volcano  | Noticed an orb of fire
 13697 | Volcano  | Gained mutation: Spells you cast may paralyse nearby
                  | enemies. [demonic ancestry]
 13697 | Volcano  | Reached XP level 13. HP: 24/92 MP: 13/13
 14106 | Lair:3   | You fall into a shaft and drop 2 floors!
 14106 | Lair:5   | Entered Level 5 of the Lair of Beasts
 14126 | Lair:4   | Reached skill level 10 in Fighting
 15321 | Lair:4   | Found a viscous altar of Jiyva.
 15321 | Lair:4   | Found a staircase to the Slime Pits.
 16079 | D:12     | Noticed a fire dragon
 16088 | D:12     | Killed a fire dragon
 16089 | D:12     | Reached skill level 13 in Axes
 16546 | D:12     | Found a staircase to the Orcish Mines.
 17078 | Lair:5   | Identified the +0 pair of boots of the Game of Life {-Tele
                  | Dex+7}
 17138 | Lair:5   | Gained mutation: You have an absolutely massive brain. (Int
                  | +6, Wiz) [demonic ancestry]
 17138 | Lair:5   | Reached XP level 14. HP: 83/99 MP: 14/14
 17319 | Lair:5   | Reached skill level 10 in Armour
 17575 | Lair:5   | Identified the +1 plate armour of Fuiled {Contam Harm rF++
                  | Str+2}
 17586 | Lair:5   | Acquired the ring of Toqorac {Fire rN++ rCorr}
 17683 | Lair:5   | Reached ****** piety under Hepliaklqana
 17803 | Lair:5   | Reached skill level 10 in Shields
 18549 | Lair:5   | Identified the +6 kite shield "Gefeecs" {rC++}
 18761 | D:13     | Found a hide-covered altar of Uskayaw.
 19050 | D:13     | Reached skill level 14 in Axes
 19192 | D:13     | Found a gate to the Vaults.
 19216 | D:13     | Found Pana's Assorted Antiques.
 19630 | D:13     | Reached skill level 10 in Throwing
 20255 | D:14     | Identified the +4 chain mail of Feduojes {Str+3 Slay-4}
 20358 | D:15     | Entered Level 15 of the Dungeon
 20691 | D:15     | Found a gate leading to a gauntlet.
 21119 | D:15     | Found a staircase to the Depths.
 21189 | D:15     | Reached XP level 15. HP: 105/105 MP: 13/15
 21287 | D:15     | Identified the +9 rapier of Propriety {speed, *Noise Int+3
                  | Dex+2 Stlth+}
 21477 | Orc:1    | Entered Level 1 of the Orcish Mines
 21478 | Orc:1    | Noticed Erolcha
 21486 | Orc:1    | Killed Erolcha
 21651 | Orc:1    | Reached skill level 15 in Axes
 22004 | Orc:2    | Entered Level 2 of the Orcish Mines
 22529 | Orc:2    | Found Qixuvar's Antique Armour Emporium.
 22530 | Orc:2    | Found Liuru's Book Emporium.
 22536 | Orc:2    | Found Ybbathepn's Magic Scroll Boutique.
 22610 | Orc:2    | Found Xoklopunn's Magic Scroll Shoppe.
 22629 | Orc:2    | Bought a scroll of teleportation for 39 gold pieces
 22629 | Orc:2    | Bought a scroll of enchant armour for 97 gold pieces
 22831 | Orc:2    | Found a staircase to the Elven Halls.
 23246 | Snake:1  | Entered Level 1 of the Snake Pit
 23850 | Snake:1  | Noticed a nagaraja
 23860 | Snake:1  | Killed a nagaraja
 24072 | Snake:1  | Found Uroptekk's Book Emporium.
 24809 | Snake:2  | Reached skill level 16 in Axes
 24863 | Snake:2  | Noticed a nagaraja
 24892 | Snake:2  | HP: 1/105 [constriction (5)]
 24893 | Snake:2  | Constricted to death by a nagaraja

Illustrated notes

Levels and vault maps discovered:
D:1:      shiori_arrival_elements, layout_loops_corners,
          hellmonk_ecumenical_altar_pennies_from_heaven, grunt_decor_fettered,
          serial_bayou_ford_a
D:2:      minmay_angry_zag, layout_basic, uniq_jessica
D:3:      layout_basic, kennysheep_flooded_box, uniq_ijyb, uniq_robin,
          uniq_grinder
D:4:      minmay_wonky_spiral, layout_loops_corners,
          mainiacjoe_overflow_brackets, minmay_temple_entry_gardened_gates,
          hellmonk_no_cap, uniq_blork_the_orc
D:5:      layout_basic, minmay_holes
D:6:      layout_cave_pods, zin_statuary, nicolae_overflow_two_pavilions
D:7:      layout_basic, serial_bayou, serial_bayou_pond_c, serial_bayou_pond_b,
          serial_bayou_pond_a, serial_bayou_shore_b
D:8:      kennysheep_six_static_rooms, layout_gridville,
          mainiacjoe_overflow_tiny_flanked, ashenzari_conservatory_becter,
          uniq_maurice
D:9:      layout_basic, kennysheep_mini_moat, marbit_many_paths,
          okawaru_ov_weapons_minmay, uniq_prince_ribbit1, uniq_psyche
D:10:     layout_layer_cave, mainiacjoe_overflow_cross_hatched, serial_rivers,
          chequers_serial_rivers_micro_d, chequers_serial_rivers_micro_a,
          chequers_serial_rivers_room_a, chequers_serial_rivers_micro_d,
          chequers_serial_rivers_micro_b, st_stairs_13, minmay_strange_pillars,
          kennysheep_diamond, uniq_nergalle, uniq_snorg
D:11:     layout_cave_pools, hellmonk_lair_entry_icy, gammafunk_ghost_cemetery,
          kennysheep_cluttered_room, nicolae_vehumet_altar_sigil
D:12:     layout_roguey, erik_orc_1
D:13:     nrook_guardian_serpent_snake_passage, layout_loops_ring, serial_shops,
          shop, minmay_misc_feat_rows, nicolae_uskayaw_en_pointe
D:14:     layout_gridville, elyvilon_altar_5, amcnicky_mini_rare_corridor_liquid
D:15:     grunt_enter_depths_hoard, layout_cave_pools, good_gods_mini_temple,
          gauntlet_entry_generic
Temple:   nicolae_temple_ecumenical_triangle
Lair:1:   layout_concentric_octagons, st_stairs_6, beast_lair_carwin_6,
          grunt_megastairs_2
Lair:2:   layout_misc_corridors, elwin_shoals_entry_rooms,
          minmay_snake_entry_guardpost_large
Lair:3:   layout_chaotic_city, nicolae_volcano_entry_vermiform,
          hibernation_bobbens
Lair:4:   layout_roguey, slime_entry_1
Lair:5:   hangedman_lair_caniforms_friends, layout_misc_corridors,
          guppyfry_lair_end_dragon
Snake:1:  layout_basic, serial_shops, shop
Snake:2:  layout_cave_shapes
Orc:1:    layout_caves, uniq_erolcha
Orc:2:    st_orc_open, layout_diamond_mine, mines1_david

Skill      XL: |  1  2  3  4  5  6  7  8  9 10 11 12 13 14 15 |
---------------+----------------------------------------------+-----
Axes           | 2 3 4 5 6 7 9 10 12 13 14 16 | 16.0
Armour         | 3 4 5 6 7 8 9 10 11 | 11.7
Shields        | 3 4 5 6 7 8 9 10 11 | 11.7
Throwing       | 1 2 3 4 5 6 7 8 9 10 11 | 11.4
Fighting       | 4 5 6 7 8 9 10 | 10.6

Action                     |  1- 3 |  4- 6 |  7- 9 | 10-12 | 13-15 || total
---------------------------+-------+-------+-------+-------+-------++-------
  Melee: War axe           |    63 |   124 |   287 |   326 |   839 ||  1639
         Kick              |    12 |    33 |    73 |   121 |   322 ||   561
         Mace              |       |       |       |       |    19 ||    19
  Throw: Javelin           |       |     5 |    16 |    31 |    54 ||   106
         Boomerang         |       |       |    32 |    13 |    73 ||   118
         Dart              |       |       |       |     4 |    10 ||    14
 Invoke: Ancestor Identity |       |       |     1 |       |       ||     1
         Ancestor Life: Ba |       |       |     1 |       |       ||     1
         Recall Ancestor   |       |       |       |     3 |     1 ||     4
         Transference      |       |       |       |       |     3 ||     3
         Idealise          |       |       |       |       |     2 ||     2
  Evoke: Wand              |       |       |       |       |     6 ||     6
    Use: Scroll            |     3 |     4 |     5 |    13 |    12 ||    37
         Potion            |       |     4 |     2 |     2 |     5 ||    13
   Stab: Distracted        |       |       |       |     7 |    17 ||    24
         Sleeping          |       |       |       |     1 |     1 ||     2
 Armour: Scale mail        |    25 |    62 |   163 |    37 |       ||   287
         Troll leather arm |       |       |       |    95 |   265 ||   360
         Chain mail        |       |       |       |       |   207 ||   207
  Dodge: Dodged            |    23 |    46 |   104 |   132 |   288 ||   593
  Block: Buckler           |    16 |    27 |    84 |   111 |   185 ||   423
         Kite shield       |       |       |       |       |   429 ||   429
         Tower shield      |       |       |       |       |     9 ||     9
